 Dungeon Crawl Stone Soup version 0.20-b1-18-gaa2fd62 (webtiles) character file.

449 Inarius the Stinger (level 6, -7/47 HPs)
             Began as a Draconian Venom Mage on May 24, 2017.
             Mangled by an ogre
             ... wielding a +0 giant club
              (20 damage)
             ... on level 3 of the Dungeon.
             The game lasted 00:24:40 (4429 turns).

Inarius the Stinger (Draconian Venom Mage)          Turns: 4429, Time: 00:24:40

Health: -7/47      AC:  8    Str: 15    XL:     6   Next: 74%
Magic:  11/11      EV: 12    Int: 17    God:
Gold:   209        SH:  0    Dex: 12    Spells: 5/11 levels left

rFire    . . .     SeeInvis .   p - +4 quarterstaff (chaos)
rCold    . . .     Gourm    .   (shield currently unavailable)
rNeg     . . .     Faith    .   (armour unavailable)
rPois    .         Spirit   .   (helmet restricted)
rElec    .         Reflect  .   q - +0 cloak
rCorr    .         Harm     .   r - +0 pair of gloves
MR       .....                  (no boots)
Stlth    +++.......             (no amulet)
Regen    0.2/turn               e - ring of stealth
MPRegen  0.2/turn               (no ring)

@: mighty
A: unfitting armour, cold-blooded, AC +6
a: no special abilities


You were on level 3 of the Dungeon.
You were not hungry.

You visited 1 branch of the dungeon, and saw 4 of its levels.

You collected 209 gold pieces.

Inventory:

Hand Weapons
 p - a +4 quarterstaff of chaos (weapon)
Armour
 i - a +0 shield
 q - a +0 cloak (worn)
 r - a +0 pair of gloves (worn)
Jewellery
 e - a ring of stealth (left hand)
Wands
 n - a wand of iceblast (8/15)
Scrolls
 c - a scroll of immolation {unknown}
 d - a scroll of teleportation {unknown}
 f - 2 scrolls of amnesia {unknown}
 m - 2 scrolls of remove curse {unknown}
 s - a scroll of fog {unknown}
Potions
 g - a potion of magic
 k - 3 potions of lignification
 o - a potion of brilliance
 t - 2 potions of agility {unknown}
 u - a potion of heal wounds {unknown}
Books
 a - a Young Poisoner's Handbook

   Spells                             Type                      Level
   a - Sting                          Conjuration/Poison           1
   b - Poisonous Vapours              Poison/Air                   2
   c - Mephitic Cloud                 Conjuration/Poison/Air       3
   d - Olgreb's Toxic Radiance        Poison                       4
   e - Venom Bolt                     Conjuration/Poison           5
Comestibles
 b - 2 bread rations
 h - 3 royal jellies
 l - a meat ration


   Skills:
 + Level 1.3 Fighting
   Level 1.0(1.2) Polearms
 + Level 1.0(1.2) Staves
 + Level 2.2 Dodging
 + Level 2.3 Stealth
 + Level 0.2 Shields
 * Level 3.4 Spellcasting
 * Level 3.1 Conjurations
 * Level 2.2 Air Magic
 * Level 4.6 Poison Magic


You had 5 spell levels left.
You knew the following spells:

 Your Spells              Type           Power        Failure   Level  Hunger
a - Sting                 Conj/Pois      ###.         3%          1    None
b - Poisonous Vapours     Pois/Air       ##....       6%          2    ##.....
c - Mephitic Cloud        Conj/Pois/Air  ##......     13%         3    ###....


Dungeon Overview and Level Annotations

Branches:
Dungeon (4/15)
 Temple: D:4-7

Altars:
Cheibriados
Gozag
Qazlal
Yredelemnul

Shops:
D:4 ?

Annotations:
D:4 Dowan; MTVSty1e's ghost, amateur MiFi


Innate Abilities, Weirdness & Mutations

Your plain brown scales are hard. (AC +6)
You cannot fit into any form of body armour.
You are cold-blooded and may be slowed by cold attacks.


Message History

There is a stone staircase leading down here.
You start resting.
HP restored.
You climb downwards.
Level annotation: Dowan; MTVSty1e's ghost, amateur MiFi The ogre hits you with a giant club!!
Ouch! That really hurt!
MTVSty1e's ghost hits you!
* * * LOW HITPOINT WARNING * * *
There is a stone staircase leading up, spattered with blood here.
The ogre closely misses you. MTVSty1e's ghost hits you.
* * * LOW HITPOINT WARNING * * *
You climb upwards.
There is a stone staircase leading down here.
You feel very mighty all of a sudden. The ogre closely misses you.
You hit the ogre.
The ogre is lightly wounded.
The ogre hits you with a giant club!!
You die...

##.#.........#
##.#.#######.# ##.#(# #.#
##.#.# #.#
##.#.#######.#########
...................)..
##.#.#######.########.
..........)..########.#
............>..O@.....#
...#.#######.############
.....# #.#..........#
##.#.#######.#.########.#
.......W..............#.#
.#.#.#######.#.######.#.#
.#.........#.#.# #.#.#
...........#.#.# #.#.#
#..........#.#.# #.#.#


You could see an ogre.

Vanquished Creatures
  Duvessa (D:4)
  The ghost of Britaniac the Digger, an amateur GrEE (D:3)
  A scorpion (D:4)
  Crazy Yiuf (D:3)
  3 gnolls (D:2)
  4 adders
  An ooze (D:2)
  2 worms
  A dart slug (D:2)
  5 leopard geckos
  2 orcs
  10 goblins
  5 hobgoblins
  7 jackals
  4 quokkas
  2 ball pythons (D:3)
  A ball python skeleton (D:3)
  6 bats
  5 frilled lizards
  14 kobolds
  3 rats
79 creatures vanquished.

Notes
Turn   | Place    | Note
-------+----------+-------------------------------------------
     0 | D:1      | Inarius the Draconian Venom Mage began the quest for the Orb.
     0 | D:1      | Reached XP level 1. HP: 14/14 MP: 3/3
   158 | D:1      | Reached XP level 2. HP: 20/20 MP: 3/5
   169 | D:1      | Learned a level 2 spell: Poisonous Vapours
  1300 | D:2      | Reached XP level 3. HP: 15/26 MP: 0/6
  1547 | D:2      | Learned a level 3 spell: Mephitic Cloud
  1722 | D:2      | Reached XP level 4. HP: 23/34 MP: 1/7
  2290 | D:2      | Reached skill level 1 in Fighting
  2551 | D:2      | Found an opulent altar of Gozag.
  2710 | D:3      | Reached skill level 4 in Poison Magic
  3003 | D:3      | Reached skill level 1 in Polearms
  3093 | D:3      | Found a runed door.
  3097 | D:3      | Noticed Crazy Yiuf
  3109 | D:3      | Killed Crazy Yiuf
  3109 | D:3      | Reached XP level 5. HP: 14/40 MP: 3/9
  3411 | D:3      | Reached skill level 1 in Air Magic
  3553 | D:3      | Found a stormy altar of Qazlal.
  3594 | D:3      | Found a snail-covered altar of Cheibriados.
  3601 | D:3      | Found a basalt altar of Yredelemnul.
  3881 | D:3      | Noticed Britaniac's ghost (amateur GrEE)
  3899 | D:4      | Noticed MTVSty1e's ghost (amateur MiFi)
  4010 | D:4      | Found Ocyth's Magic Scroll Shoppe.
  4110 | D:4      | Noticed Duvessa
  4110 | D:4      | Noticed Dowan
  4124 | D:4      | Killed Duvessa
  4124 | D:4      | Reached XP level 6. HP: 44/47 MP: 6/10
  4398 | D:3      | Killed Britaniac's ghost
  4398 | D:3      | Reached skill level 1 in Staves
  4429 | D:3      | Mangled by an ogre

Skill      XL: |  1  2  3  4  5  6 |
---------------+-------------------+-----
Dodging        | 2 |  2.2
Stealth        | 2 |  2.3
Conjurations   | 2 3 |  3.1
Fighting       | 1 |  1.3
Poison Magic   | 4 |  4.6
Polearms       | 1 |  1.0
Air Magic      | 1 2 |  2.2
Spellcasting   | 3 |  3.4
Staves         | 1 |  1.0
Shields        | |  0.2

Action                   |  1- 3 |  4- 6 || total
-------------------------+-------+-------++-------
Melee: Spear             |    50 |    87 ||   137
       Tailslap          |     3 |     5 ||     8
       Quarterstaff      |       |    42 ||    42
 Cast: Sting             |    40 |    57 ||    97
       Poisonous Vapours |     4 |     7 ||    11
       Mephitic Cloud    |       |     1 ||     1
  Use: Scroll            |       |     8 ||     8
       Potion            |       |     1 ||     1
 Stab: Sleeping          |     1 |     3 ||     4
       Paralysed         |       |     1 ||     1
  Eat: Chunk             |     3 |     9 ||    12
       Bread ration      |       |     1 ||     1
Armor: Skin              |    11 |    44 ||    55
Dodge: Dodged            |    26 |    71 ||    97
Block: Shield            |       |     5 ||     5
